 Dungeon Crawl Stone Soup version 0.23.2-33-g5129a83184 (webtiles) character file.

Game seed: 5158768662682293392

6134 Ge0ff the Geomancer (level 10, -3/61 HPs)
             Began as a Gargoyle Earth Elementalist on June 29, 2019.
             Was a Believer of Makhleb.
             Shot with an arrow by a centaur warrior (9 damage)
             ... on level 9 of the Dungeon.
             The game lasted 00:29:35 (9569 turns).

Ge0ff the Geomancer (Gargoyle Earth Elementalist)   Turns: 9569, Time: 00:29:36

Health: -3/61      AC: 15    Str: 12    XL:     10   Next: 89%
Magic:  8/33       EV: 11    Int: 19    God:    Makhleb [**....]
Gold:   207        SH:  0    Dex: 10    Spells: 5/20 levels left

rFire    . . .     SeeInvis .   a - staff of power
rCold    . . .     Gourm    .   (no shield)
rNeg     + . .     Faith    .   Z - +0 leather armour
rPois    ∞         Spirit   .   W - +0 helmet
rElec    +         Reflect  .   D - +1 cloak
rCorr    .         Harm     .   H - +1 pair of gloves
MR       .....                  (no boots)
Stlth    ++........             V - amulet of rage
HPRegen  0.20/turn              g - +3 ring of slaying {=R}
MPRegen  0.23/turn              t - ring of flight

@: no status effects
A: negative energy resistance 1, electricity resistance, unbreathing,
petrification resistance, rot immunity, AC +7
a: Minor Destruction, Renounce Religion, Evoke Berserk Rage, Evoke Flight


You were on level 9 of the Dungeon.
You worshipped Makhleb.
Makhleb was pleased with you.
You were hungry.

You visited 2 branches of the dungeon, and saw 10 of its levels.

You collected 477 gold pieces.
You spent 270 gold pieces at shops.

Inventory:

Hand Weapons
 b - a +4 halberd {don't train}
 h - a +0 dagger {don't train}
 v - a +1 vampiric quarterstaff
Missiles
 l - 7 javelins of penetration {don't train}
 n - 167 stones (quivered) {don't train}
 w - 37 bolts
 z - 52 poisoned needles
 J - 48 sling bullets {don't train}
 O - 16 tomahawks {don't train}
 S - 77 arrows
Armour
 D - a +1 cloak (worn)
 H - a +1 pair of gloves (worn)
 W - a +0 helmet (worn)
 Z - a +0 leather armour (worn)
Magical Staves
 a - an uncursed staff of power (weapon)
Jewellery
 g - a +3 ring of slaying (left hand) {=R}
 p - an uncursed amulet of guardian spirit
 q - a +2 amulet of reflection {unknown}
 t - a ring of flight (right hand)
 u - an uncursed ring of ice
 A - an uncursed ring of see invisible
 V - an amulet of rage (around neck)
Wands
 d - a wand of digging (5)
 f - a wand of flame (3)
 k - a wand of iceblast (35)
 s - a wand of disintegration (3)
 x - a wand of random effects (31)
 P - a wand of polymorph (8)
Scrolls
 i - a scroll of silence {unknown}
 m - a scroll of magic mapping
 y - 3 scrolls of immolation
 B - a scroll of blinking
 C - 7 scrolls of remove curse
 F - 2 scrolls of fog
 G - 2 scrolls of enchant armour
 Q - 3 scrolls of noise
 R - 2 scrolls of enchant weapon
 T - 4 scrolls of teleportation
 U - 2 scrolls of amnesia {unknown}
Potions
 j - a potion of mutation {unknown}
 o - a potion of haste {unknown}
 E - 2 potions of lignification {unknown}
 I - a potion of invisibility
 K - 3 potions of agility
 L - a potion of degeneration {unknown}
 M - 4 potions of might
 N - a potion of cancellation {!q}
 X - 6 potions of curing {unknown}
 Y - 3 potions of brilliance {unknown}
Comestibles
 c - 6 chunks of flesh
 r - 18 rations


   Skills:
 + Level 6.5 Fighting
 + Level 3.9 Staves
 - Level 3.0 Armour
 - Level 1.5 Dodging
 - Level 5.0 Stealth
 + Level 5.8 Spellcasting
 + Level 5.7 Conjurations
 - Level 3.0 Transmutations
 + Level 8.9 Earth Magic
 + Level 5.5 Invocations
 + Level 4.5 Evocations


You had 5 spell levels left.
You knew the following spells:

 Your Spells              Type           Power        Failure   Level  Hunger
h - Lee's Rapid Deconstr  Erth           #####.....   11%         5    #####..
j - Petrify               Tmut/Erth      ####....     12%         4    ####...
k - Sandblast             Erth           #####.       1%          1    None
m - Stone Arrow           Conj/Erth      ####..       2%          3    ##.....
w - Passwall              Tmut/Erth      ####....     1%          2    None

Your spell library contained the following spells:

 Spells                   Type           Power        Failure   Level  Hunger
 Confusing Touch          Hex            #.....       14%         1    None
 Confuse                  Hex            #.......     41%         3    ##.....
 Gell's Gravitas          Tloc           #.........   41%         3    ##.....
 Yara's Violent Unravell  Hex/Tmut       ##........   91%         5    #####..
 Metabolic Englaciation   Hex/Ice        #.........   99%         5    #####..


Dungeon Overview and Level Annotations

Branches:
Dungeon (9/15)             Temple (1/1) D:5            Lair (0/6) D:8
    Orc: D:9-12

Altars:
Ashenzari
Cheibriados
Dithmenos
Elyvilon
Fedhas
Gozag
Hepliaklqana
Kikubaaqudgha
Makhleb
Nemelex Xobeh
Okawaru
Qazlal
Ru
Sif Muna
Trog
Uskayaw
Vehumet
Wu Jian
Xom
Yredelemnul
Zin
The Shining One

Shops:
D:4 ?   D:5 *

Annotations:
D:5 TheAraber's ghost, novice GrEE
D:6 2 transporters, voshxx's ghost, novice DDFi
D:8 exclusion: downstairs


Innate Abilities, Weirdness & Mutations

You are resistant to torment.
Your stone body is resilient. (AC +7)
You are immune to poison.
You resist negative energy. (rN+)
You are resistant to electric shocks. (rElec)
You can survive without breathing.
You are immune to petrification.
You are immune to rotting.


Message History

Confirm with . or Enter, or press ? or * to list all spells.
Aiming: Lee's Rapid Deconstruction (slightly dangerous; 11% risk of failure)
Press: ? - help, Dir - move target cursor A crystal wall.
The crystal wall shatters!
The blast of crystal shards hits the centaur warrior!!
The centaur warrior is severely wounded.
The centaur warrior shoots an arrow.
The arrow hits you.
* * * LOW HITPOINT WARNING * * *
Casting: Lee's Rapid Deconstruction (slightly dangerous; 11% risk of failure)
Confirm with . or Enter, or press ? or * to list all spells.
Aiming: Lee's Rapid Deconstruction (slightly dangerous; 11% risk of failure)
Press: ? - help, Dir - move target cursor A crystal wall.
The crystal wall shatters!
The blast of crystal shards hits the centaur warrior!
The centaur warrior is almost dead.
You are feeling hungry.
The centaur warrior shoots an arrow.
The arrow hits you!
You die...

##. .. #. # .. ##
#.#..< ### # ###. .#.
##..#[. ..... ..
###......# #....##.
###....#...#
#.......###....#.c...#
......##)....#@.(#
#....###....#...#
#......###....#.#
.....#%.)...###....#
#.## ###......###.. #
#######......#### #
...............## ##
####....#.#.....# #.
#....#.......## ##.


You could see a centaur warrior.

Vanquished Creatures
  A two-headed ogre (D:9)
  A tengu warrior (D:9)
  A hornet (D:9)
  A hippogriff (D:9)
  A spriggan (D:9)
  Eustachio (D:5)
  2 water moccasins
  An orc warrior (D:6)
  An eye of draining (D:8)
  A hornet zombie (D:5)
  A sky beast (D:5)
  5 ogres
  A black bear (D:8)
  3 phantoms
  2 centaurs
  A big kobold (D:9)
  4 bullfrogs
  A wyvern zombie (D:8)
  2 water moccasin zombies
  6 killer bees (D:8)
  A howler monkey (D:9)
  6 crimson imps
  2 centaur zombies
  A quasit (D:8)
  3 hounds
  8 jellies
  An orc priest (D:5)
  4 orc wizards
  2 bullfrog skeletons
  4 iguanas
  10 worker ants
  Natasha (thrice) (D:2)
  A hound zombie (D:6)
  A howler monkey skeleton (D:6)
  4 gnolls (D:3)
  A howler monkey zombie (D:6)
  12 adders
  4 shadow imps
  2 oozes
  An adder zombie (D:8)
  2 worms
  2 dart slugs
  2 leopard geckos (D:3)
  26 orcs
  11 bats
  5 giant cockroaches
  11 goblins
  13 hobgoblins
  9 jackals
  2 quokkas
  3 ball pythons
  5 frilled lizards
  A jackal skeleton (D:6)
  13 kobolds
  A leopard gecko skeleton (D:6)
  A quokka skeleton (D:5)
  A quokka zombie (D:5)
  7 rats
223 creatures vanquished.

Notes
Turn   | Place    | Note
-------+----------+-------------------------------------------
     0 | D:1      | Ge0ff the Gargoyle Earth Elementalist began the quest for
                  | the Orb.
     0 | D:1      | Reached XP level 1. HP: 10/10 MP: 3/3
   343 | D:1      | Reached skill level 4 in Earth Magic
   343 | D:1      | Reached XP level 2. HP: 16/16 MP: 1/5
   529 | D:1      | Reached skill level 1 in Fighting
   703 | D:1      | Reached XP level 3. HP: 20/20 MP: 4/6
  1185 | D:2      | Learned a level 3 spell: Stone Arrow
  1797 | D:2      | Found a faded altar of an unknown god.
  1829 | D:2      | Noticed Natasha
  1841 | D:2      | Reached XP level 4. HP: 24/26 MP: 2/7
  1916 | D:2      | Killed Natasha
  1916 | D:2      | Reached skill level 5 in Earth Magic
  2021 | D:2      | Found a snail-covered altar of Cheibriados.
  2269 | D:2      | Noticed Natasha
  2273 | D:2      | Killed Natasha
  2273 | D:2      | Reached XP level 5. HP: 30/30 MP: 6/9
  2684 | D:2      | Found a faded altar of an unknown god.
  2694 | D:2      | Noticed Natasha
  2696 | D:2      | Killed Natasha
  2741 | D:3      | Reached skill level 6 in Earth Magic
  2908 | D:3      | Reached XP level 6. HP: 36/36 MP: 8/10
  2917 | D:3      | Learned a level 5 spell: Lee's Rapid Deconstruction
  2978 | D:3      | Found a shimmering altar of Xom.
  2980 | D:3      | Found a shimmering altar of Xom.
  2981 | D:3      | Found a shimmering altar of Xom.
  2981 | D:3      | Found a shimmering altar of Xom.
  3002 | D:3      | Found a bloodstained altar of Trog.
  3712 | D:4      | Found Bafar's Magic Scroll Boutique.
  3727 | D:4      | Bought a scroll of remove curse for 36 gold pieces
  3727 | D:4      | Bought a scroll of identify for 24 gold pieces
  4063 | D:4      | Noticed a phantom
  4071 | D:4      | Killed a phantom
  4071 | D:4      | Reached skill level 1 in Armour
  4071 | D:4      | Reached skill level 1 in Conjurations
  4482 | D:5      | Entered Level 5 of the Dungeon
  4493 | D:5      | Reached XP level 7. HP: 41/41 MP: 7/12
  4567 | D:5      | Found a staircase to the Ecumenical Temple.
  4576 | Temple   | Entered the Ecumenical Temple
  4589 | Temple   | Became a worshipper of Makhleb the Destroyer
  4639 | D:5      | Reached skill level 1 in Evocations
  4850 | D:5      | Reached skill level 1 in Invocations
  5033 | D:5      | Reached XP level 8. HP: 30/48 MP: 10/14
  5158 | D:5      | Found Tantoecu's Assorted Antiques.
  5158 | D:5      | Noticed Eustachio
  5170 | D:5      | Killed Eustachio
  5223 | D:5      | Bought an embroidered cloak for 210 gold pieces
  5274 | D:5      | Found a transporter.
  5274 | D:5      | Noticed TheAraber's ghost (novice GrEE)
  5438 | D:5      | Reached skill level 7 in Earth Magic
  5524 | D:5      | Found a glowing silver altar of Zin.
  5702 | D:5      | Found a transporter.
  5945 | D:6      | Noticed a vampire
  5948 | D:6      | Found a transporter.
  5949 | D:6      | Found a transporter.
  5949 | D:6      | Noticed voshxx's ghost (novice DDFi)
  6035 | D:6      | Reached * piety under Makhleb
  6467 | D:6      | Reached XP level 9. HP: 52/52 MP: 13/15
  6875 | D:6      | Reached skill level 5 in Stealth
  6939 | D:6      | Reached skill level 1 in Staves
  7211 | D:7      | Reached skill level 5 in Fighting
  7218 | D:7      | Learned a level 2 spell: Passwall
  7223 | D:7      | Learned a level 4 spell: Petrify
  7241 | D:7      | Found a bloodstained altar of Trog.
  7258 | D:7      | Noticed Joseph
  7269 | D:7      | Noticed Joseph
  7269 | D:7      | Joseph changed into Joseph the water moccasin
  7272 | D:7      | Killed Joseph the water moccasin
  7400 | D:7      | Reached skill level 1 in Transmutations
  7495 | D:7      | Found a basalt altar of Yredelemnul.
  7501 | D:7      | Found an opulent altar of Gozag.
  7508 | D:7      | Found a radiant altar of Vehumet.
  7773 | D:7      | Found a hazy altar of Hepliaklqana.
  8003 | D:8      | Reached skill level 5 in Spellcasting
  8090 | D:8      | Reached skill level 8 in Earth Magic
  8294 | D:8      | Reached ** piety under Makhleb
  8455 | D:8      | Reached XP level 10. HP: 56/60 MP: 17/17
  8524 | D:8      | Found a staircase to the Lair.
  8937 | D:9      | Reached skill level 5 in Conjurations
  9176 | D:9      | Noticed a two-headed ogre
  9247 | D:9      | Killed a two-headed ogre
  9247 | D:9      | Reached skill level 5 in Invocations
  9492 | D:9      | Noticed a tengu warrior
  9501 | D:9      | Killed a tengu warrior
  9565 | D:9      | Noticed a centaur warrior
  9569 | D:9      | Shot with an arrow by a centaur warrior

Skill      XL: |  1  2  3  4  5  6  7  8  9 10 |
---------------+-------------------------------+-----
Earth Magic    | 4 5 6 7 8 |  8.9
Fighting       | 1 2 3 4 5 6 |  6.5
Spellcasting   | 3 4 5 |  5.8
Armour         | 1 2 3 |  3.0
Conjurations   | 1 2 3 4 5 |  5.7
Evocations     | 1 2 3 4 |  4.5
Stealth        | 3 4 5 |  5.0
Invocations    | 2 3 4 5 |  5.5
Staves         | 2 3 |  3.9
Transmutations | 2 3 |  3.0
Dodging        | |  1.5

Action                   |  1- 3 |  4- 6 |  7- 9 | 10-12 || total
-------------------------+-------+-------+-------+-------++-------
Melee: Dagger            |    34 |     9 |       |       ||    43
       Halberd           |       |    82 |   173 |       ||   255
Throw: Stone             |     3 |     7 |    37 |     7 ||    54
 Cast: Sandblast         |    48 |    63 |   102 |    38 ||   251
       Stone Arrow       |     2 |     2 |     6 |     9 ||    19
       Lee's Rapid Decon |       |       |       |    11 ||    11
Evoke: Wand              |       |       |     7 |    16 ||    23
  Use: Scroll            |       |     4 |     8 |     3 ||    15
 Stab: Sleeping          |     5 |     4 |     4 |       ||    13
       Distracted        |       |       |     1 |       ||     1
  Eat: Chunk             |     4 |     8 |    14 |     3 ||    29
       Ration            |       |       |       |     1 ||     1
Armor: Robe              |    18 |    23 |       |       ||    41
       Leather armour    |       |    18 |   109 |    16 ||   143
Dodge: Dodged            |    42 |    63 |   135 |    12 ||   252

Levels and vault maps discovered:
D:1:      minmay_arrival_glassed_features, layout_basic, minmay_pentomino_z2
D:2:      layout_basic, cheibriados_altar_1, chequers_ecumenical_altar_simple,
          uniq_natasha
D:3:      layout_loops_ring, xom_redecorated, trog_butcher_becter
D:4:      layout_loops_cross, first_ration, serial_shops, shop,
          minmay_goblin_outpost
D:5:      layout_basic, old_standard_altar, minmay_temple_entry_mist,
          gammafunk_ghost_smash, serial_shops, kennysheep_little_box,
          uniq_eustachio
D:6:      layout_loops_cross, gammafunk_ghost_mausoleum
D:7:      layout_cave_pools, lemuel_crystal_altar, minitemple, bloody_trog,
          nrook_mini_vaults, uniq_joseph
D:8:      layout_basic, lair_entry_dummy
D:9:      minmay_the_grid_four_pointed_star [minmay_the_grid_triangle_9x9_alien,
          minmay_the_grid_triangle_9x9_negative_grid,
          minmay_the_grid_triangle_9x9_empty,
          minmay_the_grid_triangle_9x9_tough_junction,
          minmay_the_grid_prize_shrinking_boxes], layout_basic, grunt_pizzeria
Temple:   nicolae_temple_great_sept
